| TOP OF THE 1ST |
|
San Francisco Giants batting - Pitching for Los Angeles Angels : RHP Derrek McGriff
|
|
Pitching: RHP Derrek McGriff
|
|
|
Batting: LHB Bradley Zimmer
|
0-0: Swinging Strike 0-1: Ball 1-1: Foul Ball, location: 2F 1-2: Foul Ball, location: 7LDF 1-2: DOUBLE (Line Drive, 78XD, EV 110.6 MPH)
|
|
Batting: LHB Dominic Smith
|
0-0: Ball 1-0: Ball 2-0: Ball 3-0: Called Strike 3-1: Ground out 4-3 (Groundball, 4, EV 90.0 MPH) Bradley Zimmer to third
|
|
Batting: LHB Raimel Tapia
|
0-0: Swinging Strike 0-1: Ball 1-1: Foul Ball, location: 9LDF 1-2: Ball 2-2: Strikes out swinging
|
|
Batting: RHB Avisail Garcia
|
0-0: Ball 1-0: Ball 2-0: Called Strike 2-1: Fly out, F9 (Line Drive, 89S, EV 89.4 MPH)
|
| Top of the 1st over - 0 runs, 1 hit, 0 errors, 1 left on base; San Francisco 0 - Los Angeles 0 |
| BOTTOM OF THE 1ST |
|
Los Angeles Angels batting - Pitching for San Francisco Giants : RHP Ritzi Mendoza
|
|
Pitching: RHP Ritzi Mendoza
|
|
|
Batting: SHB Ozhaino Albies
|
0-0: Foul Ball, location: 7LMF 0-1: Called Strike 0-2: Foul Ball, location: 9LMF 0-2: Ball 1-2: Ball 2-2: Foul Ball, location: 7LDF 2-2: Strikes out swinging
|
|
Batting: RHB Mike Trout
|
0-0: Foul Ball, location: 2F 0-1: Ball 1-1: SINGLE (Line Drive, 34D, EV 105.6 MPH)
|
|
Batting: SHB Augusto Ramírez
|
0-0: Ball 1-0: Fly out, F9 (Flyball, 9, EV 76.9 MPH)
|
|
Batting: SHB Jurickson Profar
|
0-0: Ground out 4-3 (Groundball, 4, EV 76.3 MPH)
|
| Bottom of the 1st over - 0 runs, 1 hit, 0 errors, 1 left on base; San Francisco 0 - Los Angeles 0 |
| TOP OF THE 2ND |
|
San Francisco Giants batting - Pitching for Los Angeles Angels : RHP Derrek McGriff
|
|
Batting: RHB Franly Mallen
|
0-0: Called Strike 0-1: Called Strike 0-2: Ground out 1-3 (Groundball, 34S, EV 74.4 MPH)
|
|
Batting: LHB Grabiel Jimenez
|
0-0: Foul Ball, location: 5F 0-1: Foul Ball, location: 2F 0-2: Ball 1-2: Ball 2-2: Strikes out swinging, 2-3 out at first.
|
|
Batting: RHB Thom Williams
|
0-0: Ball 1-0: Foul Ball, location: 9LMFF 1-1: Ball 2-1: Ground out 5-3 (Groundball, 56, EV 81.9 MPH)
|
| Top of the 2nd over - 0 runs, 0 hits, 0 errors, 0 left on base; San Francisco 0 - Los Angeles 0 |
| BOTTOM OF THE 2ND |
|
Los Angeles Angels batting - Pitching for San Francisco Giants : RHP Ritzi Mendoza
|
|
Batting: LHB Joey Gallo
|
0-0: Swinging Strike 0-1: Ball 1-1: Called Strike 1-2: Strikes out looking
|
|
Batting: RHB Luis Roa
|
0-0: Ball 1-0: Called Strike 1-1: Ball 2-1: SINGLE (Line Drive, 78M, EV 86.3 MPH)
|
|
Batting: LHB Myron Gómes
|
0-0: Foul Ball, location: 2F 0-1: Ball 1-1: Ball 2-1: TRIPLE (Line Drive, 89XD, EV 98.1 MPH) Luis Roa scores
|
|
Batting: LHB Isranel Wilson
|
0-0: Ball 1-0: Ground out U3 (Groundball, 3, EV 102.5 MPH) Myron Gómes scores
|
|
Batting: LHB Andy Brown
|
0-0: Ball 1-0: Foul Ball, location: 2F 1-1: Hit by Pitch
|
|
Batting: SHB Ozhaino Albies
|
0-0: Ball 1-0: Ball 2-0: Fly out, F8 (Flyball, 8LM, EV 88.8 MPH)
|
| Bottom of the 2nd over - 2 runs, 2 hits, 0 errors, 1 left on base; San Francisco 0 - Los Angeles 2 |
| TOP OF THE 3RD |
|
San Francisco Giants batting - Pitching for Los Angeles Angels : RHP Derrek McGriff
|
|
Batting: RHB Héctor Rodríguez
|
0-0: Ground out 6-3 (Groundball, 56, EV 82.5 MPH)
|
|
Batting: RHB Benny Brown
|
0-0: Swinging Strike 0-1: Ball 1-1: Called Strike 1-2: SINGLE (Line Drive, 7S, EV 106.3 MPH)
|
|
Batting: LHB Bradley Zimmer
|
0-0: Called Strike 0-1: Ball 1-1: Ball 2-1: Ball 3-1: Called Strike 3-2: Strikes out swinging
|
|
Batting: LHB Dominic Smith
|
0-0: Swinging Strike 0-1: Ball 1-1: Fly out, F8 (Flyball, 8RM, EV 88.1 MPH)
|
| Top of the 3rd over - 0 runs, 1 hit, 0 errors, 1 left on base; San Francisco 0 - Los Angeles 2 |
| BOTTOM OF THE 3RD |
|
Los Angeles Angels batting - Pitching for San Francisco Giants : RHP Ritzi Mendoza
|
|
Batting: RHB Mike Trout
|
0-0: Called Strike 0-1: Swinging Strike 0-2: Ground out U3 (Groundball, 34S, EV 87.5 MPH)
|
|
Batting: SHB Augusto Ramírez
|
0-0: Called Strike 0-1: SINGLE (Line Drive, 9S, EV 84.4 MPH)
|
|
Batting: SHB Jurickson Profar
|
0-0: Called Strike 0-1: Swinging Strike 0-2: SINGLE (Line Drive, 89S, EV 85.0 MPH) Augusto Ramírez to second Runner from 2nd tries for 3rd, OUT! 8-5
|
|
Batting: LHB Joey Gallo
|
0-0: Fly out, F8 (Flyball, 8LM, EV 98.1 MPH)
|
| Bottom of the 3rd over - 0 runs, 2 hits, 0 errors, 1 left on base; San Francisco 0 - Los Angeles 2 |
| TOP OF THE 4TH |
|
San Francisco Giants batting - Pitching for Los Angeles Angels : RHP Derrek McGriff
|
|
Batting: LHB Raimel Tapia
|
0-0: Called Strike 0-1: Fly out, F9 (Line Drive, 89M, EV 103.1 MPH)
|
|
Batting: RHB Avisail Garcia
|
0-0: Ground out 4-3 (Groundball, 4S, EV 82.5 MPH)
|
|
Batting: RHB Franly Mallen
|
0-0: Ball 1-0: Ball 2-0: Called Strike 2-1: Called Strike 2-2: Fly out, F8 (Flyball, 89M, EV 95.6 MPH)
|
| Top of the 4th over - 0 runs, 0 hits, 0 errors, 0 left on base; San Francisco 0 - Los Angeles 2 |
| BOTTOM OF THE 4TH |
|
Los Angeles Angels batting - Pitching for San Francisco Giants : RHP Ritzi Mendoza
|
|
Batting: RHB Luis Roa
|
0-0: Ball 1-0: Ball 2-0: Called Strike 2-1: Foul Ball, location: 23F 2-2: SINGLE (Line Drive, 34, EV 95.0 MPH)
|
|
Batting: LHB Myron Gómes
|
0-0: Ball 1-0: Ball 2-0: Foul Ball, location: 23FF 2-1: SINGLE (Line Drive, 78S, EV 110.0 MPH) Luis Roa to second
|
|
Batting: LHB Isranel Wilson
|
0-0: Called Strike 0-1: Fly out, F9 (Line Drive, 9, EV 109.4 MPH)
|
|
Batting: LHB Andy Brown
|
0-0: Fielders Choice at 2nd, 3-6 (Groundball, 34, EV 102.5 MPH) Luis Roa to third
|
|
Batting: SHB Ozhaino Albies
|
0-0: Ball 1-0: Ball 2-0: Ball 3-0: Base on Balls Andy Brown to second
|
|
Batting: RHB Mike Trout
|
0-0: Swinging Strike 0-1: Swinging Strike 0-2: Strikes out looking
|
| Bottom of the 4th over - 0 runs, 2 hits, 0 errors, 3 left on base; San Francisco 0 - Los Angeles 2 |
| TOP OF THE 5TH |
|
San Francisco Giants batting - Pitching for Los Angeles Angels : RHP Derrek McGriff
|
|
Batting: LHB Grabiel Jimenez
|
0-0: Called Strike 0-1: Ball 1-1: Called Strike 1-2: Strikes out swinging
|
|
Batting: RHB Thom Williams
|
0-0: Ball 1-0: Swinging Strike 1-1: Called Strike 1-2: Foul Ball, location: 2F 1-2: Foul Ball, location: 2F 1-2: Ball 2-2: Ground out 1-3 (Groundball, 15S, EV 70.6 MPH)
|
|
Batting: RHB Héctor Rodríguez
|
0-0: Ball 1-0: Ball 2-0: Called Strike 2-1: Ball 3-1: Foul Ball, location: 5FF 3-2: Strikes out swinging
|
| Top of the 5th over - 0 runs, 0 hits, 0 errors, 0 left on base; San Francisco 0 - Los Angeles 2 |
| BOTTOM OF THE 5TH |
|
Los Angeles Angels batting - Pitching for San Francisco Giants : RHP Ritzi Mendoza
|
|
Batting: SHB Augusto Ramírez
|
0-0: Ball 1-0: Foul Ball, location: 2F 1-1: Swinging Strike 1-2: Strikes out looking
|
|
Batting: SHB Jurickson Profar
|
0-0: Called Strike 0-1: Ball 1-1: Foul Ball, location: 2F 1-2: Strikes out swinging
|
|
Batting: LHB Joey Gallo
|
0-0: Ball 1-0: Ball 2-0: Called Strike 2-1: Foul Ball, location: 2F 2-2: Strikes out swinging
|
| Bottom of the 5th over - 0 runs, 0 hits, 0 errors, 0 left on base; San Francisco 0 - Los Angeles 2 |
| TOP OF THE 6TH |
|
San Francisco Giants batting - Pitching for Los Angeles Angels : RHP Derrek McGriff
|
|
Batting: RHB Benny Brown
|
0-0: Called Strike 0-1: Swinging Strike 0-2: Ball 1-2: Foul Ball, location: 3FF 1-2: DOUBLE (Line Drive, 9LM, EV 96.9 MPH)
|
|
Batting: LHB Bradley Zimmer
|
0-0: Ground out U3 (Groundball, 3, EV 106.9 MPH) Benny Brown to third
|
|
Batting: LHB Dominic Smith
|
0-0: Called Strike 0-1: Swinging Strike 0-2: Foul Ball, location: 2F 0-2: Ball 1-2: Fly out, F7 (Flyball, 7D, EV 108.8 MPH) Runner from 3rd tags up, SCORES, no throw by LF
|
|
Batting: LHB Raimel Tapia
|
0-0: Ball 1-0: Swinging Strike 1-1: Ball 2-1: Fly out, F7 (Line Drive, 7LM, EV 99.4 MPH)
|
| Top of the 6th over - 1 run, 1 hit, 0 errors, 0 left on base; San Francisco 1 - Los Angeles 2 |
| BOTTOM OF THE 6TH |
|
Los Angeles Angels batting - Pitching for San Francisco Giants : RHP Ritzi Mendoza
|
|
Batting: RHB Luis Roa
|
0-0: Ball 1-0: Called Strike 1-1: Ball 2-1: SINGLE (Groundball, 4MD, EV 98.8 MPH)
|
|
Pitching: RHP Jeremiah Searle
|
|
|
Batting: LHB Myron Gómes
|
0-0: Fielders Choice at 2nd, 5-4 (Groundball, 56, EV 103.1 MPH)
|
|
Batting: LHB Isranel Wilson
|
0-0: Called Strike 0-1: Foul Ball, location: 23FF 0-2: DOUBLE (Groundball, 5L, EV 102.5 MPH) Myron Gómes to third
|
|
Batting: LHB Andy Brown
|
0-0: Ball 1-0: Foul Ball, location: 9LMF 1-1: Swinging Strike 1-2: Ball 2-2: Foul Ball, location: 2F 2-2: Strikes out looking
|
|
Batting: SHB Ozhaino Albies
|
0-0: Ball 1-0: Swinging Strike 1-1: Foul Ball, location: 5F 1-2: Foul Ball, location: 7LSF 1-2: Foul Ball, location: 2F 1-2: Fly out, F7 (Flyball, 7LM, EV 92.5 MPH)
|
| Bottom of the 6th over - 0 runs, 2 hits, 0 errors, 2 left on base; San Francisco 1 - Los Angeles 2 |
| TOP OF THE 7TH |
|
San Francisco Giants batting - Pitching for Los Angeles Angels : RHP Derrek McGriff
|
|
Pitching: LHP Kevin Phillips
|
|
|
Batting: RHB Avisail Garcia
|
0-0: Ball 1-0: Called Strike 1-1: Called Strike 1-2: Foul Ball, location: 9LMF 1-2: Ball 2-2: Foul Ball, location: 9LDF 2-2: Strikes out swinging
|
|
Batting: RHB Franly Mallen
|
0-0: Called Strike 0-1: Ball 1-1: Foul Ball, location: 23F 1-2: Ball 2-2: Ball 3-2: Base on Balls
|
|
Pinch Hitting: RHB José González
|
0-0: Ball Franly Mallen steals 2nd base (no throw) 1-0: Ball 2-0: Called Strike 2-1: Called Strike 2-2: Ground out 5-3 (Groundball, 5, EV 101.9 MPH)
|
|
Pitching: RHP Ron Oliver
|
|
|
Batting: RHB Thom Williams
|
0-0: Foul Ball, location: 9LMF 0-1: Ball 1-1: Ball 2-1: Swinging Strike 2-2: Ball 3-2: Foul Ball, location: 5FF 3-2: Strikes out swinging
|
| Top of the 7th over - 0 runs, 0 hits, 0 errors, 1 left on base; San Francisco 1 - Los Angeles 2 |
| BOTTOM OF THE 7TH |
|
Los Angeles Angels batting - Pitching for San Francisco Giants : RHP Jeremiah Searle
|
|
Pitching: RHP Juan Sánchez
|
|
|
Now in LF: José González
|
|
|
Batting: RHB Mike Trout
|
0-0: Foul Ball, location: 3F 0-1: Called Strike 0-2: Ball 1-2: SINGLE (Groundball, 56D, EV 103.8 MPH)
|
|
Batting: SHB Augusto Ramírez
|
0-0: Swinging Strike 0-1: Called Strike 0-2: Ball 1-2: DOUBLE (Line Drive, 9LD, EV 102.5 MPH) Mike Trout to third
|
|
Batting: SHB Jurickson Profar
|
0-0: Intentional Walk
|
|
Batting: LHB Joey Gallo
|
0-0: Ball 1-0: Ball 2-0: DOUBLE (Groundball, 3L, EV 95.0 MPH) Mike Trout scores Augusto Ramírez scores Jurickson Profar to third
|
|
Pinch Runner at 2nd Giancarlo Stanton:
|
|
|
Batting: RHB Luis Roa
|
0-0: Ball 1-0: Foul Ball, location: 3F 1-1: Fly out, F7 (Flyball, 7, EV 95.6 MPH)
|
|
Batting: LHB Myron Gómes
|
0-0: Ball 1-0: Ball 2-0: Called Strike 2-1: SINGLE (Line Drive, 56D, EV 95.0 MPH) Jurickson Profar scores Giancarlo Stanton to third
|
|
Batting: LHB Isranel Wilson
|
0-0: Ball 1-0: 3-RUN HOME RUN (Flyball, 8LXD, EV 105.0 MPH), Distance : 408 ft
|
|
Pitching: RHP Derek Gallagher
|
|
|
Batting: LHB Andy Brown
|
0-0: Ball 1-0: Ball 2-0: Ball 3-0: Base on Balls
|
|
Batting: SHB Ozhaino Albies
|
0-0: Ball 1-0: Ball 2-0: Ball 3-0: Called Strike 3-1: Called Strike 3-2: Base on Balls Andy Brown to second
|
|
Batting: RHB Mike Trout
|
0-0: Ball 1-0: Ball 2-0: Ball 3-0: Called Strike 3-1: Called Strike 3-2: Grounds into double play, 6-4-3 (Groundball, 56, EV 78.8 MPH)
|
| Bottom of the 7th over - 6 runs, 5 hits, 0 errors, 1 left on base; San Francisco 1 - Los Angeles 8 |
| TOP OF THE 8TH |
|
San Francisco Giants batting - Pitching for Los Angeles Angels : RHP Ron Oliver
|
|
Pitching: LHP McKenzie Mills
|
|
|
Now at 1B: Jamie Tolbert
|
|
|
Now in LF: Augusto Ramírez
|
|
|
Now in RF: Starling Heredia
|
|
|
Batting: RHB Héctor Rodríguez
|
0-0: Foul Ball, location: 9LMFF 0-1: Ball 1-1: Reached on error, E5 (Groundball, 15, EV 86.3 MPH)
|
|
Batting: RHB Benny Brown
|
0-0: Ball 1-0: SINGLE (Line Drive, 6MD, EV 106.3 MPH) Héctor Rodríguez to third
|
|
Batting: LHB Bradley Zimmer
|
0-0: Foul Ball, location: 7LMF 0-1: Swinging Strike 0-2: Ball 1-2: Foul Ball, location: 7LMF 1-2: Foul Ball, location: 3DF 1-2: Ball 2-2: Grounds into double play, 5-4-3 (Groundball, 6, EV 90.0 MPH) Héctor Rodríguez scores
|
|
Batting: LHB Dominic Smith
|
0-0: Foul Ball, location: 3FF 0-1: Ball 1-1: Fly out, F7 (Flyball, 78M, EV 90.6 MPH)
|
| Top of the 8th over - 1 run, 1 hit, 1 error, 0 left on base; San Francisco 2 - Los Angeles 8 |
| BOTTOM OF THE 8TH |
|
Los Angeles Angels batting - Pitching for San Francisco Giants : RHP Derek Gallagher
|
|
Batting: SHB Augusto Ramírez
|
0-0: Ball 1-0: Foul Ball, location: 2F 1-1: Swinging Strike 1-2: Foul Ball, location: 2F 1-2: Foul Ball, location: 7LDF 1-2: Strikes out looking
|
|
Batting: SHB Jurickson Profar
|
0-0: Ball 1-0: SINGLE (Line Drive, 4D, EV 100.0 MPH)
|
|
Batting: RHB Jamie Tolbert
|
0-0: Ball 1-0: Ball 2-0: Foul Ball, location: 2F 2-1: SINGLE (Line Drive, 8RS, EV 90.0 MPH) Jurickson Profar to second
|
|
Batting: RHB Luis Roa
|
0-0: Called Strike 0-1: Fly out, F6 (Line Drive, 6D, EV 62.5 MPH) Lined into DP, 6-3 (Line Drive, 6D, EV 62.5 MPH)
|
| Bottom of the 8th over - 0 runs, 2 hits, 0 errors, 1 left on base; San Francisco 2 - Los Angeles 8 |
| TOP OF THE 9TH |
|
San Francisco Giants batting - Pitching for Los Angeles Angels : LHP McKenzie Mills
|
|
Batting: LHB Raimel Tapia
|
0-0: Ball 1-0: Foul Ball, location: 9LMF 1-1: DOUBLE (Line Drive, 78M, EV 106.9 MPH)
|
|
Pinch Runner at 2nd Leo Marrero:
|
|
|
Batting: RHB Avisail Garcia
|
0-0: Called Strike 0-1: Called Strike 0-2: Ball 1-2: Strikes out swinging
|
|
Batting: RHB Franly Mallen
|
0-0: Called Strike 0-1: Ball 1-1: Swinging Strike 1-2: Fly out, F3 (Popup, 3SF, EV 65.0 MPH)
|
|
Batting: RHB José González
|
0-0: Ball 1-0: Ball 2-0: Fly out, F4 (Popup, 3S, EV 85.0 MPH)
|
| Top of the 9th over - 0 runs, 1 hit, 0 errors, 1 left on base; San Francisco 2 - Los Angeles 8 |
|